 Dungeon Crawl Stone Soup version 0.27-a0-1006-g1fd4cec11e (webtiles) character file.

Game seed: 7671929827871525428

2 siradein the Skirmisher (level 1, 0/18 HPs)
             Began as a Demonspawn Fighter on Apr 18, 2021.
             Slain by a kobold
             ... wielding a +4 short sword of speed
              (4 damage)
             ... on level 1 of the Dungeon.
             The game lasted 00:00:19 (216 turns).

siradein the Skirmisher (Demonspawn Fighter)         Turns: 216, Time: 00:00:20

Health: 0/18       AC:  6    Str: 16    XL:     1   Next: 33%
Magic:  1/1        EV:  3    Int:  9    God:
Gold:   0          SH:  8    Dex: 12    Spells: 0/0 levels left

rFire    . . .     SeeInvis .   e - +0 short sword (vamp)
rCold    . . .     Faith    .   c - +0 kite shield
rNeg     . . .     Spirit   .   b - +0 scale mail
rPois    .         Reflect  .   (no helmet)
rElec    .         Harm     .   (no cloak)
rCorr    .         Rampage  .   (no gloves)
Will     .....                  (no boots)
Stlth    ..........             (no amulet)
HPRegen  0.06/turn              (no ring)
MPRegen  0.07/turn              (no ring)

@: constricted
A: no striking features
a: no special abilities


You were on level 1 of the Dungeon.
You visited 1 branch of the dungeon, and saw 1 of its levels.

Inventory:

Hand Weapons
 a - a +0 rapier
 e - a +0 vampiric short sword (weapon)
Armour
 b - a +0 scale mail (worn)
 c - a +0 kite shield (worn)
Potions
 d - a potion of might


   Skills:
 + Level 3.1 Fighting
 + Level 1.9 Short Blades
 - Level 2.6 Armour
 - Level 2.6 Shields


You couldn't memorise any spells.
You didn't know any spells.
Your spell library was empty.

Dungeon Overview and Level Annotations

Branches:
Dungeon (1/15)

Altars:


Message History

A kobold comes into view.
It is wielding a +4 short sword of speed.
The kobold shouts!
The kobold throws a stone.
The stone hits you.
A kobold is nearby!
A kobold is nearby!
The kobold throws a stone.
You block the stone.
Found 4 silver javelins.
A ball python comes into view.
The ball python hisses angrily.
Found 18 stones.
The kobold barely misses you.
You barely miss the kobold.
The kobold hits you with a +4 short sword of speed.
You block the kobold's attack.
You barely miss the kobold. You block the kobold's attack. x2
You barely miss the kobold. The kobold closely misses you.
The ball python bites you but does no damage.
You block the ball python's attack. The kobold completely misses you.
You barely miss the kobold.
The ball python bites you but does no damage.
The ball python grabs you. The ball python constricts you.
You block the kobold's attack. x2; The ball python completely misses you.
The ball python constricts you.
You hit the kobold.
The kobold is moderately wounded.
The kobold hits you with a +4 short sword of speed.
You block the ball python's attack. The ball python constricts you.
The kobold hits you but does no damage.
You barely miss the kobold.
The kobold is moderately wounded.
You block the ball python's attack. The ball python constricts you.
The kobold hits you with a +4 short sword of speed.
The ball python bites you.
* * * LOW HITPOINT WARNING * * *
The ball python constricts you.
The kobold hits you with a +4 short sword of speed.
* * * LOW HITPOINT WARNING * * *
The ball python's grasp on you weakens, but your attempt to escape fails.
The kobold hits you with a +4 short sword of speed.
You die...

###....# . ......#
(.##....###
.........###### #
#...........# #.#
#...........#### #...
#...........†..#
#....#......#######.##
#....K@.....# #..#
.....8S......# ##.#
....8_8........#
####.#
.....8...#####.#
#Z##.## .........#
.######..# ####.##..#
##...##.# .. ....
+.>.'..# ### .(.#
#...#### ###.###


You could see a ball python and a kobold.

Vanquished Creatures
  A bat (D:1)
  A kobold (D:1)
2 creatures vanquished.

Notes
Turn   | Place    | Note
-------+----------+-------------------------------------------
     0 | D:1      | siradein the Demonspawn Fighter began the quest for the
                  | Orb.
     0 | D:1      | Reached XP level 1. HP: 18/18 MP: 1/1
     0 | D:1      | Noticed a minotaur skeleton
   204 | D:1      | Found a faded altar of an unknown god.
   216 | D:1      | Slain by a kobold

Illustrated notes

Levels and vault maps discovered:
D:1:      shiori_arrival_whats_in_store_for_you, layout_basic,
          chequers_ecumenical_altar_simple, st_stairs_8, minmay_small_reverse_x

Action                   || total
-------------------------++-------
Melee: Short sword       ||     6
       Rapier            ||     6
Armor: Scale mail        ||    11
Dodge: Dodged            ||     5
Block: Kite shield       ||    14

Table legend: (Time is in decaauts)
 A = Elapsed time spent in this place.
 B = Non-inter-level travel time spent in this place.
 C = Inter-level travel time spent in this place.
 D = Time resting spent in this place.
 E = Time spent auto-exploring this place.
 F = Levels seen in this place.
 G = Mean time per level.
                   A        B        C        D        E       F      G
               +--------+--------+--------+--------+--------+-----+--------+
         Total |    219 |    219 |      0 |      0 |    189 |   1 |  219.0 |
       Dungeon |    219 |    219 |      0 |      0 |    189 |   1 |  219.0 |
               +--------+--------+--------+--------+--------+-----+--------+

Top non-repeatable levels by time:
     D:1: 219 daAuts
